AoeStats
← Shields10

Arabian Desert

510186696Analyzed
1v1 RM · 1d ago on Sep 29, 2026· 47m 58s· 2 players
Game mode
Random Map
Map size
Tiny (2 player)
Population
200
Speed
Normal
Resources
Standard
Victory
Conquest
Starting age
Dark Age
Ending age
Imperial Age
RankedLock teamsTeams togetherTeam positionsShared explorationLock speedFull tech treeHidden civsTurbo modeCheats
Victory
Defeat
🇦🇺 Romans · Australia
1030
+16
🇨🇴 Franks · Colombia
1031
-16
Shields10
7:40 Loom
9:56 Feudal Age
12:31 Scale Mail Armor
12:39 Man-at-Arms
19:55 Double-Bit Axe
24:27 Castle Age
25:25 Chain Mail Armor
24:32 Long Swordsman
25:45 Elite Skirmisher
27:22 Squires
29:12 Fletching
31:52 Bodkin Arrow
34:17 Pikeman
45:14 Bow Saw
juanpablss
6:53 Loom
9:04 Feudal Age
13:10 Double-Bit Axe
17:00 Fletching
21:28 Castle Age
21:42 Padded Archer Armor
25:45 Husbandry
25:06 Light Cavalry
27:01 Bow Saw
30:38 Forging
30:34 Scale Barding Armor
35:01 Crossbowman
42:26 Gold Mining
46:55 Wheelbarrow
Connection lost

Rejoining the realm…

Still unreachable

The connection could not be restored.

Session expired

The server has moved on; the page needs a fresh start.